Map: Data-C

Players

Serral

  • Race: Zerg Zerg
  • Spawn Location: 3:00

Geralt (Gerald) - Winner!

  • Race: Protoss Protoss
  • League: Master
  • Spawn Location: 9:00

Event: HomeStory Cup XXII

VOD

Have the link to the VOD?

Description

Time

  • Played on: Dec. 15, 2022, 1:38 p.m.
  • Length: 10:05

All games in this series

Show
View Real Time Build Order
Export as new Build Order

Serral Zerg 

Build Orders: Hatch First 

Get SALT Encoding   

  12  0:00  Drone  
  13  0:12  Overlord  
  13  0:17  Drone  
  14  0:30  Drone x2  
  16  0:45  Drone  
  17  0:52  Hatchery  
  17  0:54  Drone  
  17  0:57  Drone  
  18  1:09  Extractor  
  17  1:14  Spawning Pool  
  17  1:17  Drone  
  17  1:20  Drone  
  18  1:27  Drone  
  19  1:38  Drone  
  20  1:48  Overlord  
  20  2:00  Queen  
  22  2:05  Queen  
  22  2:06  Drone, Zergling x2  
  26  2:12  Metabolic Boost, Drone  
  27  2:16  Drone  
  27  2:21  Drone  
  29  2:28  Drone  
  30  2:43  Hatchery  
  29  2:44  Queen  
  29  2:49  Drone  
  29  2:50  Zergling x2  
  33  2:53  Overlord  
  33  3:02  Drone x2  
  33  3:04  Drone  
  36  3:06  Overlord  
  36  3:11  Zergling x2  
  36  3:12  Queen  
  39  3:15  Zergling x2  
  39  3:17  Drone  
  42  3:20  Drone  
  42  3:22  Drone  
  42  3:23  Drone  
  44  3:32  Drone x4  
  47  3:38  Queen  
  49  3:42  Overlord  
  49  3:44  Zergling x2  
  49  3:46  Drone  
  51  3:54  Zergling x2  
  52  3:57  Queen  
  52  3:59  Drone  
  52  4:01  Drone x3  
  58  4:06  Overlord  
  58  4:10  Spore Crawler  
  58  4:14  Spore Crawler, Drone x2  
  58  4:22  Overlord x2  
  58  4:25  Drone  
  58  4:26  Drone x4  
  58  4:27  Drone  
  64  4:33  Spore Crawler  
  64  4:36  Drone x2  
  66  4:40  Drone x3  
  66  4:41  Roach Warren  
  66  4:43  Drone  
  69  4:45  Lair  
  69  4:47  Extractor  
  69  4:49  Drone x2  
  69  4:50  Drone  
  71  4:54  Extractor  
  69  5:01  Hatchery, Drone x2  
  69  5:02  Drone  
  70  5:07  Drone x5  
  70  5:12  Zergling x4  
  77  5:17  Overlord  
  77  5:19  Drone x2  
  79  5:22  Overlord  
  79  5:25  Zergling x4  
  81  5:29  Overlord, Extractor  
  81  5:30  Drone x2, Extractor  
  81  5:31  Evolution Chamber, Drone  
  81  5:37  Overlord x2  
  81  5:42  Drone x4  
  83  5:45  Drone  
  83  5:47  Drone x3  
  83  5:48  Drone  
  85  5:51  Drone  
  85  5:52  Extractor  
  85  5:53  Overseer  
  84  5:59  Zerg Missile Weapons Level 1, Glial Reconstitution  
  84  6:03  Drone, Extractor  
  84  6:06  Drone x2  
  84  6:10  Drone x2  
  88  6:13  Roach x2  
  88  6:15  Infestation Pit  
  99  6:28  Drone x2  
  99  6:32  Overlord  
  101  6:33  Overseer  
  101  6:36  Queen x2  
  101  6:39  Spore Crawler  
  94  6:40  Queen x2  
  94  6:44  Spore Crawler  
  94  6:45  Spore Crawler  
  94  6:46  Drone x4  
  99  6:49  Zergling x4  
  99  6:52  Drone x2  
  95  6:56  Drone x2  
  95  7:00  Drone x2  
  93  7:03  Roach  
  93  7:04  Drone x2  
  93  7:05  Drone  
  95  7:10  Drone x2  
  95  7:11  Drone x5  
  95  7:13  Spore Crawler  
  97  7:20  Queen, Ravager  
  110  7:30  Roach x6  
  110  7:33  Spore Crawler  
  110  7:34  Spore Crawler x2  
  110  7:36  Spore Crawler  
  104  7:37  Drone x2  
  104  7:38  Drone  
  105  7:44  Hive  
  105  7:46  Roach  
  105  7:47  Drone x4, Roach  
  110  7:52  Queen  
  110  7:55  Drone  
  110  7:56  Drone x3  
  110  7:57  Drone x2  
  115  7:59  Drone x2  
  115  8:03  Overlord  
  115  8:05  Drone x3  
  118  8:08  Spore Crawler  
  118  8:09  Drone  
  118  8:10  Drone  
  118  8:11  Drone x2  
  118  8:12  Drone x2  
  117  8:14  Drone  
  117  8:15  Drone  
  117  8:18  Overlord  
  120  8:20  Roach x2  
  120  8:26  Roach x3  
  126  8:27  Spore Crawler  
  123  8:35  Overlord x3  
  123  8:38  Overlord x2  
  123  8:39  Overlord  
  123  8:41  Overlord  
  123  8:42  Drone  
  122  8:51  Overlord, Drone x2  
  122  8:52  Drone x4  
  122  8:53  Drone  
  128  8:56  Viper  
  128  8:59  Viper  
  133  9:06  Baneling Nest  
  132  9:12  Evolution Chamber  
  132  9:15  Zergling x8  
  135  9:19  Zergling x10  
  138  9:27  Roach x6  
  146  9:32  Roach x2  
  146  9:35  Roach x2  
  146  9:38  Roach x2  
  137  9:44  Roach x4  
Show
View Real Time Build Order
Export as new Build Order

Geralt Protoss - Winner!

Build Orders: 1 Gate Expand, Oracle Opening 

Get SALT Encoding   

  12  0:00  Probe  
  13  0:12  Probe  
  14  0:19  Pylon  
  14  0:24  Probe (Chrono Boost)  
  15  0:38  Probe (Chrono Boost)  
  15  0:41  Gateway  
  16  0:46  Probe (Chrono Boost)  
  17  0:51  Assimilator  
  17  0:52  Probe  
  18  1:04  Probe  
  19  1:16  Probe  
  20  1:26  Nexus  
  20  1:34  Probe  
  20  1:39  Cybernetics Core  
  21  1:48  Probe  
  21  1:50  Assimilator  
  22  1:54  Pylon  
  22  2:01  Probe  
  23  2:13  Probe, Adept (Chrono Boost)  
  26  2:25  Probe, Stargate  
  27  2:33  Adept (Chrono Boost)  
  29  2:38  Probe x2  
  29  2:41  Warp Gate  
  31  2:50  Probe  
  32  2:53  Probe  
  32  2:55  Adept  
  35  3:02  Probe  
  35  3:05  Probe  
  41  3:14  Probe, Pylon  
  41  3:15  Void Ray (Chrono Boost)  
  42  3:20  Probe  
  43  3:28  Probe  
  44  3:35  Probe  
  44  3:38  Nexus  
  46  3:41  Probe  
  46  3:42  Oracle (Chrono Boost)  
  49  3:54  Gateway  
  49  4:00  Probe  
  49  4:01  Probe  
  51  4:04  Assimilator  
  51  4:05  Assimilator  
  51  4:12  Probe  
  51  4:13  Probe  
  51  4:16  Pylon  
  53  4:24  Probe  
  54  4:34  Probe  
  54  4:36  Probe  
  54  4:37  Stargate  
  54  4:38  Stargate  
  56  4:46  Probe, Pylon  
  56  4:48  Probe  
  58  4:52  Shield Battery  
  58  4:53  Probe  
  58  4:54  Adept x2  
  58  4:55  Phoenix (Chrono Boost)  
  58  4:58  Probe  
  66  5:03  Probe  
  66  5:06  Probe  
  68  5:10  Probe  
  68  5:11  Phoenix  
  71  5:15  Probe  
  71  5:18  Probe  
  71  5:20  Pylon  
  73  5:22  Assimilator, Probe, Adept x2  
  73  5:25  Phoenix (Chrono Boost)  
  73  5:28  Probe  
  81  5:35  Probe  
  81  5:36  Phoenix (Chrono Boost)  
  86  5:43  Probe  
  86  5:44  Phoenix (Chrono Boost)  
  86  5:47  Probe  
  86  5:49  Phoenix (Chrono Boost)  
  84  5:50  Probe  
  84  5:55  Probe, Gateway  
  84  5:56  Gateway  
  84  5:58  Pylon  
  84  5:59  Probe  
  84  6:02  Probe, Gateway  
  86  6:04  Phoenix  
  86  6:07  Probe  
  86  6:09  Phoenix  
  91  6:11  Probe  
  91  6:14  Probe  
  91  6:16  Assimilator  
  93  6:20  Probe  
  93  6:21  Zealot  
  93  6:25  Probe  
  97  6:26  Probe  
  97  6:29  Phoenix, Gateway  
  97  6:31  Pylon  
  100  6:34  Probe  
  100  6:35  Pylon  
  100  6:37  Twilight Council  
  101  6:45  Forge  
  101  6:49  Probe  
  101  6:52  Phoenix  
  101  6:53  Adept x4  
  112  7:04  Phoenix x2  
  112  7:11  Nexus  
  112  7:13  Pylon  
  112  7:21  Probe  
  113  7:23  Probe x2  
  113  7:27  Gateway  
  113  7:28  Gateway  
  113  7:29  Protoss Ground Weapons Level 1  
  65  7:37  Charge (Chrono Boost)  
  115  7:46  Gateway  
  115  7:47  Stalker x4  
  115  7:48  Gateway  
  123  7:58  Protoss Air Weapons Level 1  
  121  8:09  Phoenix x2  
  125  8:15  Probe  
  124  8:20  Pylon  
  124  8:21  Probe  
  124  8:23  Pylon  
  125  8:27  Gateway  
  125  8:30  Gateway  
  125  8:31  Zealot x8  
  125  8:33  Probe x2, Shield Battery  
  137  8:36  Templar Archives  
  137  8:37  Pylon  
  137  8:46  Phoenix x2  
  137  8:47  Phoenix  
  139  8:59  Zealot x8  
  155  9:05  Probe x3  
  155  9:06  Probe  
  159  9:17  Probe x3, Fleet Beacon  
  148  9:46  Probe, Zealot x7  
  148  9:47  Zealot  
  155  9:59  Gateway  
  147  10:01  Gateway  
Tags
 
Add a new tag
Caveats
  • Supply blocks, unpowered buildings, or Contaminate may cause inaccurate times.
  • Supply counts are checked every 10 seconds.